 Dungeon Sprint DCSS version 0.18.1-48-g4cf74bf (webtiles) character file.

37830 tyranidshit the Warrior (level 13, -7/161 HPs)
             Began as a Troll Berserker on July 22, 2016.
             Was the Champion of Trog.
             Mangled by an entropy weaver (11 damage)
             ... in the Dungeon (Sprint IX: "|||||||||||||||||||||||||||||").
             The game lasted 00:18:11 (2248 turns).

tyranidshit the Warrior (Troll Berserker)           Turns: 2248, Time: 00:18:11

Health: -7/161     AC: -4    Str: 29    XL:     13   Next: 60%
Magic:  12/12      EV: 18    Int:  7    God:    Trog [******]
Gold:   1755       SH:  0    Dex:  9    Spells: 0 memorised, 12 levels left

rFire  . . .     SeeInvis .     b - +11 battleaxe of Circularity {speed, rElec Str-3 Int+4 Stlth+}
rCold  . . .     Gourm    +     E - +0 mottled dragon armour
rNeg   . . .     Faith    .     (shield currently unavailable)
rPois  .         Spirit   .     (helmet restricted)
rElec  +         Dismiss  .     o - +2 cloak
rCorr  .         Reflect  .     (gloves unavailable)
SustAt .         Harm     .     (boots unavailable)
MR     ++...     NoTele   +     (no amulet)
Stlth  ++........               n - +2 ring of evasion
                                m - +2 ring of evasion

@: exhausted, corroded, regenerating, slowed, very slow, very resistant to
hostile enchantments, unstealthy
A: unfitting armour, claws 3, fast metabolism 3, gourmand, regeneration 2,
shaggy fur 1, tough skin 2
a: Berserk, Trog's Hand, Brothers in Arms, Burn Spellbooks, Renounce Religion


You were in the Dungeon.
You worshipped Trog.
Trog was exalted by your worship.
You were not hungry.

You visited 1 branch You collected 1935 gold pieces.
You spent 180 gold pieces at shops.

Inventory:

Hand Weapons
 a - a +3 battleaxe of electrocution
 b - the +11 battleaxe of Circularity (weapon) {speed, rElec Str-3 Int+4 Stlth+}
   (Trog gifted it to you in the Dungeon)

   Attacks with this weapon are significantly faster.
   It affects your strength (-3).
   It affects your intelligence (+4).
   It insulates you from electricity.
   It makes you more stealthy.
 p - the +2 battleaxe of Insomnia {vamp, rN+}
   (Trog gifted it to you in the Dungeon)

   It inflicts no extra harm, but heals its wielder somewhat when it strikes a
   living foe.
   It protects you from negative energy.
 w - a +4 executioner's axe of freezing
Armour
 o - a +2 cloak (worn)
 E - a +0 mottled dragon armour (worn)
 F - an ice dragon hide
Jewellery
 m - a +2 ring of evasion (left claw)
 n - a +2 ring of evasion (right claw)
 x - an uncursed ring of protection from fire
 y - an uncursed ring of protection from cold
 z - an uncursed ring of protection from magic
 A - an uncursed ring of protection from magic
Wands
 l - a wand of lightning (7/15)
Scrolls
 k - 3 scrolls of remove curse
 q - 4 scrolls of identify
 s - 2 scrolls of recharging
 t - 5 scrolls of fear
 u - a scroll of fog
Potions
 d - 2 potions of curing
 e - 7 potions of heal wounds
 g - 4 potions of magic
 h - a potion of berserk rage
 j - a potion of invisibility
 B - 2 potions of brilliance
 C - a potion of cure mutation
Comestibles
 c - 10 bread rations
 r - 35 fruits
 v - 9 meat rations


   Skills:
 + Level 18.8 Fighting
 + Level 17.1 Axes
 + Level 11.6 Armour
 + Level 13.1 Dodging
 - Level 2.2 Stealth


You had 12 spell levels left.
You didn't know any spells.

Dungeon Overview and Level Annotations

Branches:
Dungeon (1/1)

Altars:
Cheibriados
Dithmenos
Elyvilon
Fedhas
Gozag
Kikubaaqudgha
Makhleb
Nemelex Xobeh
Okawaru
Pakellas
Qazlal
Ru
Sif Muna
Trog
Vehumet
Xom
Yredelemnul
Zin
The Shining One
Beogh
Jiyva
Lugonu

Shops:
D (::?


Innate Abilities, Weirdness & Mutations

You are too large for most types of armour.
You have claws for hands.
Your metabolism is lightning-fast.
You like to eat raw meat.
You heal very quickly.
You are covered in fur (AC +1).
You have very tough skin (AC +2).


Message History

You feel much better.
You feel the effects of Trog's Hand fading.
The sky beast changes into a rime drake!
The entropy weaver hits you. The entropy weaver hits you!
* * * LOW HITPOINT WARNING * * *
The entropy weaver hits you!
* * * LOW HITPOINT WARNING * * *
The entropy weaver hits you!
* * * LOW HITPOINT WARNING * * *
Drink which item? (? for menu, Esc to quit)
You feel much better. The entropy weaver hits you.
* * * LOW HITPOINT WARNING * * *
The entropy weaver closely misses you. The entropy weaver hits you!
* * * LOW HITPOINT WARNING * * *
The entropy weaver hits you!
* * * LOW HITPOINT WARNING * * *
The entropy weaver hits you!
* * * LOW HITPOINT WARNING * * *
The entropy weaver hits you!
You die...

.......[[[[[[[.)))))))).....'....
▓▓▓▓▓▓▓▓▓▓▓▓▓▓▓▓▓▓▓▓▓▓▓▓▓▓▓▓▓▓▓▓▓
........))......................)
▓▓▓▓▓▓▓▓▓▓▓▓▓▓▓▓▓▓▓▓▓▓▓▓▓▓▓▓▓▓▓▓▓
†)().†)÷))))÷)........'........†.
▓▓▓▓▓▓▓▓▓▓▓▓▓▓▓▓▓▓▓▓▓▓▓▓▓▓▓▓▓▓▓▓▓
)................................
▓▓▓▓▓▓▓▓▓▓▓▓▓▓▓▓▓▓▓▓▓▓▓▓▓▓▓▓▓▓▓▓▓
.....kp@†)))(...........
▓▓▓▓▓▓▓▓▓▓▓▓▓▓▓▓▓▓▓▓▓▓▓▓


You could see an entropy weaver and a rime drake shaped shifter.

Vanquished Creatures
  Frances (D)
  Agnes (D)
  2 spark wasps (D)
  A merfolk impaler (D)
  Erolcha (D)
  2 great orbs of eyes (D)
  A merfolk avatar (D)
  Erica (D)
  An ice dragon (D)
  2 centaur warriors (D)
  A merfolk aquamancer (D)
  2 deep troll shamans (D)
  A tengu warrior (D)
  A naga sharpshooter (D)
  An unseen horror (D)
  A deep troll (D)
  A hill giant (D)
  A swamp dragon (D)
  A mana viper (D)
  An ugly thing (D)
  2 wizards (D)
  A griffon (D)
  3 hornets (D)
  3 manticores (D)
  5 black mambas (D)
  A naga mage (D)
  A guardian serpent (D)
  Psyche (D)
  A gargoyle (D)
  A komodo dragon (D)
  3 trolls (D)
  3 merfolk (D)
  A yak (D)
  A hippogriff (D)
  A vampire mosquito (D)
  3 mottled dragons (D)
  2 water moccasins (D)
  A swamp drake (D)
  3 orc warriors (D)
  An ogre (D)
  3 giant frogs (D)
  A crimson imp (D)
  A hound (D)
  2 quasits (D)
  An orc priest (D)
  4 orc wizards (D)
  An adder (D)
  A dart slug (D)
  7 orcs (D)
  2 bat skeletons (D)
  A giant cockroach (D)
  A goblin (D)
  A quokka skeleton (D)
  2 rats (D)
  A briar patch (D)
91 creatures vanquished.

Vanquished Creatures (collateral kills)
  A thorn hunter (D)
  A fire giant (D)
  A stone giant (D)
  A fire dragon (D)
  An entropy weaver (D)
  3 catoblepae (D)
  A centaur warrior (D)
  2 ogre magi (D)
  4 death yaks (D)
  An alligator (D)
  A deep troll earth mage (D)
  A deep troll (D)
  3 hill giants (D)
  2 orb spiders (D)
  A shambling mangrove (D)
  An orc knight (D)
  2 wolf spiders (D)
  2 hornets (D)
  A black mamba (D)
  A komodo dragon (D)
  A demonic crawler (D)
  2 trolls (D)
  A jumping spider (D)
  A slime creature (D)
  A redback (D)
  A spriggan (D)
  A golden eye (shapeshifter) (D)
  5 water moccasins (D)
  3 porcupines (D)
  9 orc warriors (D)
  A wasp (D)
  A wolf (D)
  A crocodile (D)
  3 giant frogs (D)
  An orc wizard (D)
  An orc (D)
64 creatures vanquished.

Vanquished Creatures (others)
  A briar patch (D)
1 creature vanquished.

Grand Total: 156 creatures vanquished

Notes
Turn   | Place    | Note
--------------------------------------------------------------
     0 | D        | tyranidshit the Troll Berserker began the quest for the Orb.
     0 | D        | Reached XP level 1. HP: 22/22 MP: 0/0
     5 | D        | Reached skill level 3 in Fighting
    10 | D        | Reached ** piety under Trog
    20 | D        | Noticed a hound
    20 | D        | Noticed an ogre
    25 | D        | Killed an ogre
    25 | D        | Reached *** piety under Trog
    25 | D        | Reached skill level 7 in Fighting
    25 | D        | Reached skill level 1 in Stealth
    25 | D        | Reached XP level 2. HP: 40/40 MP: 1/1
    25 | D        | Reached XP level 3. HP: 46/46 MP: 2/2
    25 | D        | Reached XP level 4. HP: 55/55 MP: 3/3
    56 | D        | Reached skill level 8 in Fighting
    56 | D        | Reached XP level 5. HP: 33/66 MP: 4/4
    71 | D        | Found a glowing silver altar of Zin.
    71 | D        | Found a glowing golden altar of the Shining One.
    71 | D        | Found an ancient bone altar of Kikubaaqudgha.
    71 | D        | Found a basalt altar of Yredelemnul.
    71 | D        | Found a shimmering altar of Xom.
    71 | D        | Found a radiant altar of Vehumet.
    72 | D        | Found an iron altar of Okawaru.
    73 | D        | Found a burning altar of Makhleb.
    74 | D        | Found a deep blue altar of Sif Muna.
    75 | D        | Found a bloodstained altar of Trog.
    76 | D        | Found a sparkling altar of Nemelex Xobeh.
    77 | D        | Found a white marble altar of Elyvilon.
    78 | D        | Found a roughly hewn altar of Beogh.
    79 | D        | Found a viscous altar of Jiyva.
    80 | D        | Found a corrupted altar of Lugonu.
    81 | D        | Found a blossoming altar of Fedhas.
    82 | D        | Found a snail-covered altar of Cheibriados.
    83 | D        | Found a shadowy altar of Dithmenos.
    84 | D        | Found a stormy altar of Qazlal.
    85 | D        | Found an opulent altar of Gozag.
    86 | D        | Found a sacrificial altar of Ru.
    87 | D        | Found an oddly glowing altar of Pakellas.
   137 | D        | Noticed a water moccasin
   137 | D        | Noticed a hill giant
   137 | D        | Noticed a gargoyle
   140 | D        | Killed a gargoyle
   140 | D        | Reached skill level 10 in Fighting
   140 | D        | Reached XP level 6. HP: 79/79 MP: 5/5
   146 | D        | Killed a hill giant
   146 | D        | Reached **** piety under Trog
   146 | D        | Reached skill level 12 in Fighting
   146 | D        | Reached XP level 7. HP: 91/91 MP: 6/6
   150 | D        | Reached XP level 8. HP: 98/98 MP: 7/7
   199 | D        | Reached ***** piety under Trog
   212 | D        | Killed an unseen horror
   212 | D        | Reached skill level 5 in Dodging
   215 | D        | Received a gift from Trog
   219 | D        | Reached XP level 9. HP: 68/109 MP: 8/8
   222 | D        | Reached skill level 13 in Fighting
   290 | D        | Noticed Erolcha
   299 | D        | Killed Erolcha
   299 | D        | Reached skill level 10 in Axes
   389 | D        | Noticed a komodo dragon
   403 | D        | Killed a komodo dragon
   432 | D        | Noticed a black mamba
   435 | D        | Received a gift from Trog
   437 | D        | Killed a black mamba
   437 | D        | Received a gift from Trog
   440 | D        | Reached ****** piety under Trog
   488 | D        | Reached skill level 14 in Fighting
   488 | D        | Reached XP level 10. HP: 117/122 MP: 9/9
   490 | D        | Received a gift from Trog
   526 | D        | Noticed a catoblepas
   526 | D        | Noticed a death yak
   526 | D        | Noticed a death yak
   526 | D        | Noticed a death yak
   526 | D        | Noticed a death yak
   526 | D        | Noticed a catoblepas
   538 | D        | Killed a catoblepas
   542 | D        | Killed a death yak
   544 | D        | Killed a death yak
   546 | D        | Killed a death yak
   550 | D        | Killed a death yak
   568 | D        | Noticed a catoblepas
   587 | D        | Killed a catoblepas
   590 | D        | Killed a catoblepas
   713 | D        | Noticed Psyche
   723 | D        | Killed Psyche
   723 | D        | Reached skill level 10 in Dodging
   769 | D        | Received a gift from Trog
   785 | D        | Reached skill level 15 in Fighting
   789 | D        | Received a gift from Trog
   796 | D        | Received a gift from Trog
   866 | D        | Noticed an orc knight
   873 | D        | Killed an orc knight
   877 | D        | Received a gift from Trog
   891 | D        | Reached XP level 11. HP: 132/132 MP: 10/10
   893 | D        | Received a gift from Trog
   912 | D        | Found Qyptio's Magic Scroll Boutique.
   912 | D        | Noticed a hill giant
   912 | D        | Noticed a stone giant
   912 | D        | Noticed an ogre mage
   912 | D        | Noticed a hill giant
   914 | D        | Noticed a deep troll
   924 | D        | Killed a stone giant
   926 | D        | Killed a hill giant
   932 | D        | Killed a hill giant
   932 | D        | Received a gift from Trog
   936 | D        | Killed a deep troll
   947 | D        | Killed an ogre mage
   960 | D        | Found Raggepli's Book Shop.
   964 | D        | Found Zytif's Book Boutique.
   966 | D        | Noticed an ogre mage
   967 | D        | Found Subleoxu's Weapon Shop.
   967 | D        | Noticed a deep troll
   970 | D        | Killed an ogre mage
   988 | D        | Killed a deep troll
   989 | D        | Received a gift from Trog
  1004 | D        | Noticed a hill giant
  1018 | D        | Killed a hill giant
  1054 | D        | Bought a scroll of enchant armour for 90 gold pieces
  1054 | D        | Bought a scroll of enchant armour for 90 gold pieces
  1087 | D        | Got a jewelled battleaxe {god gift}
  1092 | D        | Identified the +2 battleaxe of Insomnia {vamp, rN+} (Trog gifted it to you in the Dungeon)
  1178 | D        | Noticed Erica
  1198 | D        | Killed Erica
  1356 | D        | Noticed a tengu warrior
  1356 | D        | Noticed a griffon
  1356 | D        | Noticed a centaur warrior
  1357 | D        | Noticed a brown ugly thing
  1364 | D        | Killed a centaur warrior
  1364 | D        | Reached skill level 16 in Fighting
  1364 | D        | Reached skill level 1 in Armour
  1368 | D        | Killed a griffon
  1374 | D        | Killed a tengu warrior
  1383 | D        | Killed a brown ugly thing
  1394 | D        | Noticed a fire dragon
  1395 | D        | Noticed a deep troll earth mage
  1401 | D        | Received a gift from Trog
  1407 | D        | Noticed a fire giant
  1407 | D        | Killed a fire dragon
  1409 | D        | Killed a deep troll earth mage
  1410 | D        | Noticed a centaur warrior
  1411 | D        | Killed a fire giant
  1411 | D        | Reached skill level 5 in Armour
  1411 | D        | Reached XP level 12. HP: 128/146 MP: 11/11
  1414 | D        | Killed a centaur warrior
  1420 | D        | Got a translucent battleaxe {god gift}
  1421 | D        | Identified the +11 battleaxe of Circularity {speed, rElec Str-3 Int+4 Stlth+} (Trog gifted it to you in the Dungeon)
  1422 | D        | Noticed an ice dragon
  1440 | D        | Killed an ice dragon
  1524 | D        | Noticed Frances
  1540 | D        | Killed Frances
  1540 | D        | Received a gift from Trog
  1540 | D        | Reached skill level 15 in Axes
  1588 | D        | Noticed an entropy weaver
  1598 | D        | Reached skill level 17 in Fighting
  1608 | D        | HP: 9/222 [entropy weaver (17)]
  1622 | D        | Killed an entropy weaver
  1624 | D        | Received a gift from Trog
  1728 | D        | Noticed a merfolk aquamancer
  1728 | D        | Noticed a merfolk impaler
  1728 | D        | Noticed a merfolk avatar
  1734 | D        | Killed a merfolk avatar
  1734 | D        | Received a gift from Trog
  1740 | D        | Killed a merfolk aquamancer
  1746 | D        | Killed a merfolk impaler
  1834 | D        | Received a gift from Trog
  1848 | D        | Received a gift from Trog
  1864 | D        | Reached skill level 18 in Fighting
  1864 | D        | Reached XP level 13. HP: 112/158 MP: 12/12
  1868 | D        | Reached skill level 10 in Armour
  1931 | D        | Received a gift from Trog
  1936 | D        | Paralysed by a hornet for 3 turns
  1938 | D        | Noticed a thorn hunter
  1960 | D        | Killed a thorn hunter
  2104 | D        | Noticed Agnes
  2135 | D        | Killed Agnes
  2194 | D        | Noticed a spark wasp
  2194 | D        | Noticed a spark wasp
  2197 | D        | Received a gift from Trog
  2210 | D        | Killed a spark wasp
  2219 | D        | Killed a spark wasp
  2227 | D        | Received a gift from Trog
  2248 | D        | HP: 4/161 [entropy weaver (7)]
  2248 | D        | Mangled by an entropy weaver

Skill      XL: |  1  2  3  4  5  6  7  8  9 10 11 12 13 |
---------------+----------------------------------------+-----
Fighting       | 7 8 10 12 14 15 16 18 | 18.8
Stealth        | 1 2 |  2.2
Axes           | 6 8 9 11 12 14 16 17 | 17.1
Dodging        | 5 8 10 11 13 | 13.1
Armour         | 5 9 11 | 11.6

Action                   |  1- 3 |  4- 6 |  7- 9 | 10-12 | 13-15 || total
-------------------------+-------+-------+-------+-------+-------++-------
Melee: Hand axe          |    13 |    33 |       |       |       ||    46
       War axe           |       |     7 |    55 |    36 |       ||    98
       Battleaxe         |       |       |       |   146 |    82 ||   228
       Executioner's axe |       |       |       |     4 |       ||     4
Invok: Trog's Hand       |     1 |     1 |     2 |     7 |     8 ||    19
       Berserk           |     1 |     1 |     1 |     6 |     2 ||    11
       Brothers in Arms  |       |       |     3 |    13 |     3 ||    19
  Use: Potion            |       |     1 |       |     5 |     6 ||    12
       Scroll            |       |       |     2 |     3 |     1 ||     6
  Eat: Bread ration      |       |       |     1 |     3 |       ||     4
       Chunk             |       |       |     1 |     3 |       ||     4
       Fruit             |       |       |       |     5 |       ||     5
       Meat ration       |       |       |       |     2 |     1 ||     3
Armor: Animal skin       |     1 |    17 |    22 |     7 |       ||    47
       Mottled dragon ar |       |       |       |    33 |    12 ||    45
Dodge: Dodged            |     5 |    35 |    50 |    95 |    36 ||   221
